Map: Ulrena

Players

FestisLime - Winner!

  • Race: Terran Terran
  • League: Gold
  • Spawn Location: 7:00

zidar

  • Race: Zerg Zerg
  • League: Gold
  • Spawn Location: 11:00

VOD

Have the link to the VOD?

Description

Time

  • Played on: June 3, 2016, 3:45 p.m.
  • Length: 11:18
Show
View Real Time Build Order
Export as new Build Order

FestisLime Terran - Winner!

Build Orders: Reaper Expand 

Get SALT Encoding   

  12  0:01  SCV  
  13  0:13  SCV  
  14  0:19  Supply Depot  
  14  0:25  SCV  
  15  0:40  SCV  
  15  0:42  Barracks  
  16  0:45  Refinery  
  16  0:52  SCV  
  17  1:05  SCV  
  18  1:28  Orbital Command  
  18  1:29  Reaper  
  19  1:39  Command Center  
  19  1:54  SCV  
  20  2:01  Marine  
  20  2:06  SCV  
  20  2:08  Supply Depot  
  22  2:18  SCV  
  22  2:20  Barracks  
  23  2:26  Barracks Tech Lab  
  23  2:30  SCV  
  24  2:42  SCV  
  24  2:59  SCV  
  25  3:13  SCV  
  26  3:20  Bunker  
  26  3:23  Marine x2  
  26  3:25  SCV, Stimpack  
  29  3:29  Factory  
  29  3:30  Refinery  
  29  3:36  Orbital Command  
  29  3:37  SCV  
  29  3:38  Supply Depot  
  29  3:40  Marine  
  29  3:41  Marine  
  32  3:50  SCV  
  33  4:02  SCV  
  34  4:06  Marine x2  
  36  4:24  Marine x2  
  36  4:27  Factory Tech Lab  
  36  4:30  Starport  
  38  4:34  Engineering Bay  
  38  4:37  Engineering Bay  
  37  4:40  SCV x2  
  39  4:47  Siege Tank  
  39  4:50  Barracks Reactor  
  42  5:00  Marine, Barracks  
  43  5:16  SCV x2  
  43  5:18  Marine  
  46  5:28  SCV x2  
  47  5:51  Marine x2  
  47  5:52  Marauder, SCV  
  47  5:53  SCV  
  53  5:57  Starport Reactor  
  53  6:03  Supply Depot, Terran Infantry Weapons Level 1  
  53  6:07  Command Center  
  53  6:13  Refinery  
  53  6:16  Marine  
  53  6:17  Refinery  
  54  6:24  Marine, Marauder, Siege Tank  
  54  6:25  Supply Depot  
  60  6:26  Supply Depot  
  60  6:27  Marine  
  60  6:29  Terran Infantry Armor Level 1  
  60  6:31  Barracks  
  61  6:33  SCV  
  61  6:36  Combat Shield  
  62  6:46  Marine, SCV  
  64  6:48  SCV  
  64  6:51  Medivac  
  67  6:57  Barracks Reactor  
  67  6:58  SCV  
  67  7:00  SCV  
  69  7:04  Medivac  
  71  7:10  SCV  
  71  7:12  SCV  
  71  7:15  Marine x2  
  73  7:17  Marauder  
  73  7:21  Medivac  
  79  7:26  Armory  
  79  7:34  Marine x4  
  83  7:38  Barracks Reactor  
  65  8:48  Marine x3  
  60  8:56  Marine x3  
  63  9:03  Marine  
  63  9:06  Marine  
  64  9:21  Medivac x2  
  68  9:28  Marine x4, Supply Depot  
  68  9:29  Marine x2, Supply Depot  
  68  9:30  Supply Depot  
  74  9:34  Marine  
  74  9:36  Barracks  
  74  9:37  Barracks, SCV x2  
  77  9:42  Barracks  
  77  9:46  Marine  
  77  9:51  Medivac  
  80  9:56  Orbital Command  
  80  9:59  SCV x2  
  82  10:02  Marine x2  
  82  10:03  Marine  
  85  10:08  Marine  
  85  10:09  Marine x3  
  85  10:11  SCV x2  
  85  10:13  Barracks  
  91  10:20  Marine x3  
  94  10:23  SCV x2  
  94  10:25  Barracks Reactor  
  94  10:27  Medivac x2  
Show
View Real Time Build Order
Export as new Build Order

zidar Zerg 

Build Orders: Hatch First, Muta Ling Bane 

Get SALT Encoding   

  12  0:01  Drone  
  13  0:12  Overlord  
  13  0:20  Drone  
  14  0:24  Extractor, Drone  
  15  0:32  Drone  
  15  0:34  Drone  
  17  0:57  Hatchery  
  17  0:59  Drone  
  17  1:04  Extractor, Drone  
  17  1:23  Spawning Pool  
  16  1:28  Drone  
  16  1:30  Drone  
  18  1:42  Drone  
  18  1:46  Overlord  
  20  1:54  Drone  
  19  2:10  Queen x2  
  23  2:21  Zergling x2  
  23  2:22  Zergling x4  
  25  3:08  Drone x6  
  31  3:25  Drone  
  31  3:26  Drone  
  33  3:29  Pneumatized Carapace  
  33  3:40  Overlord  
  33  3:41  Overlord x2  
  33  3:51  Baneling Nest  
  32  4:05  Lair  
  32  4:09  Extractor, Drone x6  
  37  4:24  Metabolic Boost  
  37  4:28  Drone x4  
  41  4:40  Zergling x10  
  46  4:49  Extractor  
  45  4:54  Extractor  
  44  5:28  Zergling x24  
  50  5:30  Baneling  
  50  5:31  Baneling x3  
  55  5:41  Queen  
  54  5:46  Centrifical Hooks  
  56  6:04  Drone x4  
  58  6:11  Spire  
  57  6:29  Drone x3  
  60  6:33  Overlord x3, Hatchery  
  59  6:45  Baneling  
  59  6:46  Baneling x3  
  59  6:54  Queen  
  61  7:20  Evolution Chamber  
  60  7:27  Evolution Chamber  
  59  7:38  Mutalisk x10  
  59  7:43  Baneling x4  
  59  7:44  Baneling  
  79  7:53  Zerg Flyer Weapons Level 1  
  79  7:58  Drone x8  
  63  8:24  Zergling x2  
  63  8:25  Zergling x20  
  39  9:00  Mutalisk  
  39  9:01  Mutalisk x5  
  51  9:05  Baneling x2  
  50  9:16  Queen  
  52  9:36  Drone x3  
  55  9:38  Mutalisk  
  55  9:39  Mutalisk  
  55  9:40  Zergling x2  
  55  9:41  Zergling x4  
  55  9:42  Zergling x2  
  63  10:09  Zergling x12  
  63  10:10  Zergling x6  
  63  10:12  Baneling  
  63  10:13  Baneling x4  
  63  10:14  Baneling x2  
  72  10:20  Drone  
  73  10:23  Drone x3  
  73  10:24  Drone  
  77  10:35  Zergling x10  
  63  11:00  Baneling  
  63  11:01  Baneling x2  
Tags
 
Add a new tag
Caveats
  • Supply blocks, unpowered buildings, or Contaminate may cause inaccurate times.
  • Supply counts are checked every 10 seconds.